 Dungeon Crawl Stone Soup version 0.22.1-1-ga44c0e5 (webtiles) character file.

6018 raph the Slicer (level 11, -1/74 HPs)
             Began as a Halfling Berserker on Oct 6, 2018.
             Was an Elder of Trog.
             Slain by a minotaur (14 damage)
             ... in a labyrinth.
             The game lasted 00:23:43 (10854 turns).

raph the Slicer (Halfling Berserker)               Turns: 10854, Time: 00:23:43

Health: -1/74      AC: 13    Str: 23    XL:     11   Next: 10%
Magic:  11/11      EV: 18    Int: 10    God:    Trog [****..]
Gold:   476        SH:  0    Dex: 18    Spells: 10/10 levels left

rFire    + + .     SeeInvis .   v - +8 long sword "Hil Ices" {vamp, rF++ Int+5}
rCold    . . .     Gourm    .   (shield restricted)
rNeg     . . .     Faith    .   r - +3 scale mail
rPois    +         Spirit   .   t - +1 helmet
rElec    .         Reflect  .   (no cloak)
rCorr    .         Harm     .   (no gloves)
MR       +++..                  (no boots)
Stlth    ..........             (no amulet)
HPRegen  1.22/turn              y - ring of protection from magic
MPRegen  0.12/turn              A - ring of poison resistance

@: mighty, berserk cooldown, regenerating, slowed, very slow
A: small, mutation resistance 1
a: Berserk, Trog's Hand, Brothers in Arms, Renounce Religion


You were in a labyrinth.
You worshipped Trog.
Trog was greatly pleased with you.
You were very hungry.

You visited 2 branches of the dungeon, and saw 10 of its levels.
You also visited: Labyrinth.

You collected 476 gold pieces.

Inventory:

Hand Weapons
 a - a +2 short sword
 b - a +0 hunting sling
 u - a +0 dagger of venom
 v - the +8 long sword "Hil Ices" (weapon) {vamp, rF++ Int+5}
   (You found it on level 8 of the Dungeon)

   It inflicts no extra harm, but heals its wielder when it wounds a living foe.
   It affects your intelligence (+5).
   It greatly protects you from fire.
 z - a +8 hunting sling
Missiles
 e - 116 stones (quivered)
 m - 167 sling bullets
Armour
 n - a +1 chain mail
 r - a +3 scale mail (worn)
 t - a +1 helmet (worn)
 F - a +0 troll leather armour
Jewellery
 y - a ring of protection from magic (left hand)
 A - a ring of poison resistance (right hand)
Wands
 p - a wand of enslavement (40)
 C - a wand of iceblast (13)
 E - a wand of flame (22)
Scrolls
 i - 8 scrolls of remove curse
 w - 5 scrolls of teleportation
 B - a scroll of identify
Potions
 d - a potion of magic
 g - 2 potions of lignification
 h - 3 potions of curing
 j - 4 potions of degeneration
 k - 5 potions of ambrosia
 l - a potion of invisibility
 o - a potion of agility
 q - a potion of heal wounds
 s - a potion of haste
 x - a potion of brilliance
 D - a potion of mutation {unknown}
Comestibles
 c - 11 rations


   Skills:
 + Level 6.8 Fighting
 - Level 9.8(10.7) Short Blades
 * Level 6.0(8.0) Long Blades
 - Level 5.9 Slings
 + Level 7.9 Armour
 + Level 7.9 Dodging


You had 10 spell levels left.
You didn't know any spells.
Your spell library was empty.

Dungeon Overview and Level Annotations

Branches:
Dungeon (9/15)             Temple (0/1) D:7            Lair (1/6) D:9
    Orc: D:9-12

Altars:
Fedhas
Okawaru
Uskayaw
Vehumet
Xom
The Shining One
Beogh


Innate Abilities, Weirdness & Mutations

You are small and have problems with some larger weapons.
You are somewhat resistant to further mutation.


Message History

You feel yourself slow down.
You feel much better.
The minotaur hits you but does no damage.
The minotaur misses you.
You feel very mighty all of a sudden. The minotaur hits you.
The minotaur misses you.
You barely miss the minotaur.
The minotaur is severely wounded.
The minotaur closely misses you. The minotaur gores you!
The minotaur closely misses you. The minotaur gores you!
You slash the minotaur!
The minotaur is almost dead.
The minotaur hits you!
* * * LOW HITPOINT WARNING * * *
The minotaur gores you.
* * * LOW HITPOINT WARNING * * *
You hit the minotaur but do no damage.
The minotaur is almost dead.
The minotaur hits you!
You die...

### ...
###.#
#..< .▓
. ###H▓
. #...▓
#H##▓ #
#.#
#.@.▓
#. #.#
#####.▓
# #..
......▓
## ##
####.▓
. #..
#.#
.....▓
#. .# #
#.
##.##▓
#.... .
.#
......▓
▓ ▓
▓▓▓▓▓
▓▓ ▓▓


You could see a minotaur.

Vanquished Creatures
  Joseph (D:8)
  Psyche (D:8)
  2 trolls
  Prince Ribbit (D:7)
  A hippogriff (Lair:1)
  Sigmund (D:4)
  2 redbacks (Lab)
  A shadow (D:9)
  Edmund (D:4)
  2 orc warriors
  A sky beast (D:8)
  An ice beast (D:8)
  A black bear (Lair:1)
  2 phantoms
  3 wolves (D:9)
  2 ogres
  A centaur (D:9)
  2 crocodiles
  Blork the orc (D:6)
  A wyvern zombie (D:9)
  3 bullfrogs
  A big kobold (D:7)
  3 scorpions
  5 killer bees (D:8)
  4 wights (D:7)
  5 howler monkeys
  An electric eel (D:9)
  A crimson imp (D:6)
  2 quasits
  A bullfrog skeleton (D:7)
  4 orc priests
  5 hounds
  A jelly (D:6)
  3 centaur skeletons
  6 orc wizards
  5 iguanas
  6 worker ants
  A hound zombie (D:6)
  2 hound skeletons
  6 gnolls
  An adder (D:2)
  2 shadow imps
  2 oozes
  An adder skeleton (D:6)
  An adder zombie (D:5)
  3 worms
  4 dart slugs
  4 leopard geckos
  27 orcs
  3 bats
  4 giant cockroaches
  11 goblins
  9 hobgoblins
  5 jackals
  4 quokkas
  2 ball pythons
  3 frilled lizards
  13 kobolds
  A leopard gecko skeleton (D:6)
  A leopard gecko zombie (D:7)
  A quokka skeleton (D:4)
  5 rats
200 creatures vanquished.

Notes
Turn   | Place    | Note
-------+----------+-------------------------------------------
     0 | D:1      | raph the Halfling Berserker began the quest for the Orb.
     0 | D:1      | Reached XP level 1. HP: 15/15 MP: 1/1
   320 | D:1      | Reached XP level 2. HP: 20/20 MP: 2/2
   435 | D:1      | Reached skill level 4 in Short Blades
   785 | D:2      | Reached XP level 3. HP: 11/25 MP: 3/3
  1008 | D:2      | Found a shimmering altar of Xom.
  1009 | D:2      | Found a hide-covered altar of Uskayaw.
  1383 | D:2      | Reached XP level 4. HP: 22/31 MP: 4/4
  1588 | D:3      | Reached ** piety under Trog
  1714 | D:3      | Found a faded altar of an unknown god.
  1907 | D:3      | Found an iron altar of Okawaru.
  2216 | D:3      | Reached XP level 5. HP: 36/36 MP: 5/5
  2338 | D:4      | Reached skill level 5 in Short Blades
  2655 | D:4      | Reached XP level 6. HP: 41/42 MP: 6/6
  2660 | D:4      | Noticed Sigmund
  2694 | D:4      | Killed Sigmund
  2694 | D:4      | Reached skill level 6 in Short Blades
  2953 | D:4      | Reached XP level 7. HP: 42/47 MP: 7/7
  3338 | D:4      | Noticed Edmund
  3347 | D:4      | Killed Edmund
  3808 | D:5      | Entered Level 5 of the Dungeon
  3852 | D:5      | Reached skill level 7 in Short Blades
  4227 | D:5      | Reached XP level 8. HP: 46/54 MP: 8/8
  4475 | D:5      | Found a radiant altar of Vehumet.
  5038 | D:6      | Reached *** piety under Trog
  5038 | D:6      | Reached skill level 1 in Slings
  5142 | D:5      | Found a blossoming altar of Fedhas.
  5521 | D:6      | Reached skill level 5 in Armour
  5555 | D:6      | Reached skill level 5 in Dodging
  5680 | D:6      | Reached skill level 8 in Short Blades
  5734 | D:6      | Noticed Blork the orc
  5742 | D:6      | Killed Blork the orc
  5877 | D:6      | Got an ancient dagger {flame}
  5878 | D:6      | Identified the cursed +0 dagger of Conformity {flame, rN+
                  | Str+2 Int+3} (You took it off a kobold on level 6 of the
                  | Dungeon)
  6459 | D:7      | Reached XP level 9. HP: 60/60 MP: 9/9
  6674 | D:7      | Found a glowing golden altar of the Shining One.
  6893 | D:7      | Noticed Prince Ribbit
  6912 | D:7      | Killed Prince Ribbit
  6912 | D:7      | Reached skill level 5 in Fighting
  6979 | D:7      | Reached skill level 9 in Short Blades
  7060 | D:7      | Found a staircase to the Ecumenical Temple.
  7812 | D:8      | Reached **** piety under Trog
  8066 | D:8      | Reached skill level 5 in Slings
  8075 | D:8      | Got a twisted long sword
  8091 | D:8      | Identified the +8 long sword "Hil Ices" {vamp, rF++ Int+5}
                  | (You found it on level 8 of the Dungeon)
  8313 | D:8      | Reached skill level 1 in Long Blades
  8329 | D:8      | Noticed a troll
  8339 | D:8      | Killed a troll
  8339 | D:8      | Reached XP level 10. HP: 68/68 MP: 10/10
  8391 | D:8      | Received a gift from Trog
  8460 | D:8      | Noticed Psyche
  8474 | D:8      | Killed Psyche
  8779 | D:8      | Noticed Joseph
  8788 | D:8      | Killed Joseph
  9066 | D:9      | Received a gift from Trog
  9067 | D:9      | Found a roughly hewn altar of Beogh.
  9206 | D:9      | Reached skill level 5 in Long Blades
  9267 | D:9      | Found a staircase to the Lair.
  9386 | D:9      | Received a gift from Trog
  9872 | Lair:1   | Entered Level 1 of the Lair of Beasts
  9883 | Lair:1   | Reached XP level 11. HP: 74/74 MP: 11/11
  9927 | Lair:1   | Found a labyrinth entrance.
  9935 | Lab      | Entered a labyrinth
 10831 | Lab      | Noticed a minotaur
 10854 | Lab      | Slain by a minotaur

Skill      XL: |  1  2  3  4  5  6  7  8  9 10 11 |
---------------+----------------------------------+-----
Short Blades   | 4 5 6 7 8 9 |  9.8
Fighting       | 3 4 5 6 |  6.8
Armour         | 3 4 5 6 7 |  7.9
Dodging        | 3 4 5 6 7 |  7.9
Slings         | 3 5 |  5.9
Long Blades    | 1 5 6 |  6.0

Action                   |  1- 3 |  4- 6 |  7- 9 | 10-12 || total
-------------------------+-------+-------+-------+-------++-------
Melee: Short sword       |   123 |   133 |   432 |       ||   688
       Dagger            |       |       |    38 |       ||    38
       Long sword        |       |       |    19 |   161 ||   180
 Fire: Hunting sling     |       |       |    16 |       ||    16
Invok: Berserk           |       |     3 |    14 |     5 ||    22
       Trog's Hand       |       |       |     1 |     1 ||     2
  Use: Scroll            |     8 |     3 |     9 |     1 ||    21
       Potion            |       |       |     2 |     2 ||     4
  Eat: Chunk             |     2 |     7 |    22 |     9 ||    40
       Ration            |       |       |     4 |     1 ||     5
Armor: Animal skin       |     8 |       |       |       ||     8
       Chain mail        |    17 |    11 |       |       ||    28
       Scale mail        |    13 |    21 |   124 |    59 ||   217
Dodge: Dodged            |    86 |    58 |   300 |   160 ||   604
       Rpst.: Long sword |       |       |     3 |    46 ||    49
